 Dungeon Crawl Stone Soup version 0.26-a0-27-g1f0226971c (webtiles) character file.

Game seed: 16083944895297241098, levelgen mode: deterministic

136 vurker the Digger (level 5, 0/34 HPs)
             Began as an Octopode Earth Elementalist on May 27, 2020.
             Slain by a kobold (3 damage)
             ... on level 2 of the Dungeon.
             The game lasted 00:03:23 (2931 turns).

vurker the Digger (Octopode Earth Elementalist)     Turns: 2931, Time: 00:03:23

Health: 0/34       AC:  1    Str:  8    XL:     5   Next: 19%
Magic:  5/10       EV: 13    Int: 18    God:
Gold:   25         SH:  0    Dex: 12    Spells: 4/10 levels left

rFire    . . .     SeeInvis .   d - +0 dagger
rCold    . . .     Gourm    .   (no shield)
rNeg     . . .     Faith    .   (helmet restricted)
rPois    .         Spirit   .   (no amulet)
rElec    .         Reflect  .   (no ring)
rCorr    .         Harm     .   (no ring)
MR       .....                  (no ring)
Stlth    +++.......             (no ring)
HPRegen  0.11/turn              (no ring)
MPRegen  0.12/turn              (no ring)
                                (no ring)
                                (no ring)

@: no status effects
A: almost no armour, stealthy swim, amphibious, 8 rings, constrict 8, camouflage
1, gelatinous body 1
a: no special abilities


You were on level 2 of the Dungeon.
You were not hungry.

You visited 1 branch of the dungeon, and saw 3 of its levels.

You collected 25 gold pieces.

Inventory:

Hand Weapons
 d - a +0 dagger (weapon)
   (You took it off a goblin on level 1 of the Dungeon)
Missiles
 b - 19 stones (quivered)
 k - a throwing net
Jewellery
 g - an uncursed amulet of magic regeneration {unknown}
   (You found it on level 1 of the Dungeon)
Scrolls
 c - a scroll of blinking {unknown}
 f - 2 scrolls of identify
 i - 3 scrolls of remove curse
 j - a scroll of teleportation {unknown}
Potions
 a - a potion of resistance
 h - a potion of curing
Comestibles
 e - 4 rations


   Skills:
 + Level 1.8 Fighting
 - Level 2.0 Dodging
 - Level 2.6 Stealth
 * Level 3.3 Spellcasting
 - Level 1.0 Transmutations
 * Level 4.2 Earth Magic


You had 4 spell levels left.
You knew the following spells:

 Your Spells              Type           Power        Failure   Level  Hunger
a - Sandblast             Erth           ###...       2%          1    None
b - Stone Arrow           Conj/Erth      ##....       21%         3    ###....
q - Passwall              Tmut/Erth      ##......     9%          2    ##.....

Your spell library contained the following spells:

 Spells                   Type           Power        Failure   Level  Hunger
 Petrify                  Tmut/Erth      ##......     47%         4    ####...
 Lee's Rapid Deconstruct  Erth           ###.......   58%         5    ######.


Dungeon Overview and Level Annotations

Branches:
Dungeon (3/15)

Altars:
Cheibriados
Kikubaaqudgha
Ru
Xom
Zin


Innate Abilities, Weirdness & Mutations

You cannot wear most types of armour.
You are very stealthy in the water. (Stealth+)
You are amphibious.
You can wear up to eight rings at the same time.
You can use your tentacles to constrict eight enemies at once.
Your skin changes colour to match your surroundings (Stealth+).
Your rubbery body absorbs attacks. (AC +1, EV +1)


Message History

Adjust (i)tems, (s)pells, or (a)bilities?
Adjust which spell? c - Passwall Adjust to which letter? q - Passwall
Okay, then.
Done exploring.
You climb downwards.
An orc comes into view.
The orc hits you with a +0 flail! The orc closely misses you.
The orc hits you with a +0 flail. The orc wizard misses you.
The orc barely misses you. x2
There is a stone staircase leading up, spattered with blood here.
There are monsters nearby!
The kobold barely misses you.
The orc wizard hits you with a +0 dagger.
* * * LOW HITPOINT WARNING * * *
The orc closely misses you. The orc hits you with a +0 dagger.
* * * LOW HITPOINT WARNING * * *
You climb upwards.
There is a stone staircase leading down, spattered with blood here.
Unknown command.
Unknown command.
Unknown command.
Unknown command.
Unknown command.
Unknown command.
Unknown command.
Aim: an orc wizard, wielding a +0 dagger and wearing a +0 robe The blast of sand hits the orc wizard!
b - 21 stones The kobold misses you.
The orc wizard misses you. The orc hits you but does no damage.
Aim: an orc wizard, wielding a +0 dagger and wearing a +0 robe (heavily wounded)
The blast of sand hits the orc wizard.
b - 20 stones The kobold hits you.
* * * LOW HITPOINT WARNING * * *
The orc wizard hits you with a +0 dagger.
* * * LOW HITPOINT WARNING * * *
The orc barely misses you.
Unknown command.
Aim: an orc wizard, wielding a +0 dagger and wearing a +0 robe (severely wounded)
The blast of sand hits the orc wizard.
You kill the orc wizard!
You have reached level 5!
You feel stronger.
b - 19 stones The kobold hits you.
You die...

### #######..
######### #........
#K@oo...# #.#####..
#)#####.###.#####..
#o# #............
#.### ###..........
#...# #.#.#####).
###.# #.#.# #...
#.# #.#.# #... #.#
#.#.# #...
#.#####.#รท####...


You could see 3 orcs and a kobold.

Vanquished Creatures
  An orc wizard (D:2)
  3 gnolls (D:2)
  3 adders (D:2)
  A worm (D:2)
  2 dart slugs (D:2)
  A leopard gecko (D:2)
  3 orcs (D:2)
  A giant cockroach (D:1)
  4 hobgoblins
  5 kobolds
  A quokka (D:2)
  A ball python (D:2)
  6 bats
  7 goblins
  6 rats
45 creatures vanquished.

Notes
Turn   | Place    | Note
-------+----------+-------------------------------------------
     0 | D:1      | vurker the Octopode Earth Elementalist began the quest for
                  | the Orb.
     0 | D:1      | Reached XP level 1. HP: 11/11 MP: 3/3
   484 | D:1      | Reached XP level 2. HP: 13/18 MP: 5/5
  1075 | D:1      | Found a hazy altar of Hepliaklqana.
  1077 | D:1      | Found an ancient bone altar of Kikubaaqudgha.
  1077 | D:1      | Found a shimmering altar of Xom.
  1079 | D:1      | Found a sacrificial altar of Ru.
  1079 | D:1      | Found a glowing silver altar of Zin.
  1079 | D:1      | Found a snail-covered altar of Cheibriados.
  1413 | D:2      | Reached XP level 3. HP: 22/22 MP: 6/6
  1433 | D:2      | Reached skill level 1 in Fighting
  1775 | D:2      | Reached XP level 4. HP: 12/28 MP: 6/8
  2164 | D:2      | Reached skill level 4 in Earth Magic
  2922 | D:2      | Learned a level 3 spell: Stone Arrow
  2925 | D:2      | Learned a level 2 spell: Passwall
  2931 | D:2      | Reached XP level 5. HP: 3/34 MP: 5/10
  2931 | D:2      | Slain by a kobold

Illustrated notes

Levels and vault maps discovered:
D:1:      ncdulo_halloftheorcs, layout_basic, doesnt_xom_only_xom
D:2:      layout_loops_ring
D:3:      layout_basic, old_standard_altar, first_ration

Skill      XL: |  1  2  3  4 |
---------------+-------------+-----
Fighting       | 1 |  1.8
Spellcasting   | 3 |  3.3
Earth Magic    | 4 |  4.2
Dodging        | |  2.0
Stealth        | |  2.6
Transmutations | |  1.0

Action                   |  1- 3 |  4- 6 || total
-------------------------+-------+-------++-------
Melee: Dagger            |    67 |    17 ||    84
       Constrict         |    16 |     4 ||    20
       Tentacles         |    13 |     2 ||    15
 Cast: Sandblast         |     3 |    20 ||    23
  Use: Scroll            |     4 |       ||     4
 Stab: Sleeping          |    12 |     3 ||    15
  Eat: Chunk             |     3 |     3 ||     6
Armor: Skin              |     4 |     1 ||     5
Dodge: Dodged            |    30 |    32 ||    62

Table legend:
 A = Non-vault XP
 B = Vault XP
 C = Vault XP percentage of total XP
 D = Non-vault monster count
 E = Vault monster count
 F = Vault count percentage of total count
                 A         B        C        D         E       F
            +---------+---------+-------+---------+---------+-------
      Total |     195 |       0 |   0.0 |      45 |       0 |   0.0
            +---------+---------+-------+---------+---------+-------
        D:1 |      28 |       0 |   0.0 |      18 |       0 |   0.0
        D:2 |     167 |       0 |   0.0 |      27 |       0 |   0.0
            +---------+---------+-------+---------+---------+-------
